 Dungeon Crawl Stone Soup version 0.29-a0-648-g6b26cc9 (webtiles) character file.

Game seed: 9268326426116384233

56 Dawnplanks the Sneak (level 3, -2/29 HPs)
             Began as a Demigod Brigand on June 20, 2022.
             Succumbed to a goblin's poison
             ... on level 2 of the Dungeon.
             The game lasted 00:02:53 (1686 turns).

Dawnplanks the Sneak (Demigod Brigand)              Turns: 1686, Time: 00:02:53

Health: -2/29      AC: 10    Str: 12    XL:     3   Next: 47%
Magic:  5/5        EV: 10    Int: 13    God:
Gold:   88         SH:  0    Dex: 19    Spells: 2/2 levels left

rFire   . . .      SeeInvis .   a - +2 dagger
rCold   . . .      Faith    .   (no shield)
rNeg    . . .      Spirit   .   f - +0 ring mail
rPois   .          Reflect  .   (no helmet)
rElec   .          Harm     .   c - +0 cloak
rCorr   .          Rampage  .   (no gloves)
Will    .....                   (no boots)
Stlth   ++........              (no amulet)
HPRegen 0.09/turn               b - +4 ring of protection
MPRegen 0.09/turn               (no ring)

@: lethally poisoned (-2 -> -42)
A: high MP 1, forlorn, divine attributes
a: no special abilities


You were on level 2 of the Dungeon.
You visited 1 branch of the dungeon, and saw 2 of its levels.

You collected 88 gold pieces.

Inventory:

Hand Weapons
 a - a +2 dagger (weapon)
Missiles
 d - 9 poisoned darts (quivered)
 e - 3 curare-tipped darts
Armour
 c - a +0 cloak (worn)
 f - a +0 ring mail (worn)
Jewellery
 b - a +4 ring of protection (left hand)
Scrolls
 h - a scroll of fear {unknown}
 j - a scroll of immolation {unknown}
Potions
 g - a potion of brilliance {unknown}
 i - a potion of mutation {unknown}
 k - a potion of attraction {unknown}
 l - 2 potions of curing {unknown}
 m - a potion of flight {unknown}
 n - a potion of resistance


   Skills:
 + Level 2.2 Fighting
 - Level 1.7(2.2) Short Blades
 * Level 1.8(2.2) Long Blades
 - Level 1.7 Throwing
 * Level 1.3 Armour
 + Level 1.1 Dodging
 - Level 3.7 Stealth


You had 2 spell levels left.
You didn't know any spells.
Your spell library was empty.

Dungeon Overview and Level Annotations

Branches:
Dungeon (2/15)


Innate Abilities, Weirdness & Mutations

You have an increased reservoir of magic. (+10% MP)
You shall have no god before yourself.
Your divine heritage dramatically boosts your attributes as you level up.


Message History

The goblin is wielding a +0 dagger of venom.
Found 4 stones.
The helpless frilled lizard fails to defend itself.
You impale the frilled lizard!!
You kill the frilled lizard!
No target in view!
No target in view!
You see here 4 stones.
A goblin is nearby!
The goblin hits you but does no damage.
You are poisoned.
You hit the goblin.
The goblin is moderately wounded.
You feel sick. The goblin hits you but does no damage.
You are more poisoned.
You closely miss the goblin.
The goblin is moderately wounded.
You feel very sick. The goblin hits you but does no damage.
You are lethally poisoned!
You hit the goblin.
The goblin is heavily wounded.
You feel very sick. The goblin hits you but does no damage.
You are more poisoned.
You closely miss the goblin.
The goblin is heavily wounded.
You feel very sick. The goblin hits you but does no damage.
You are more poisoned.
You are too injured to fight recklessly!
You closely miss the goblin.
The goblin is heavily wounded.
* * * LOW HITPOINT WARNING * * *
You feel extremely sick. The goblin hits you but does no damage.
You are more poisoned.
You closely miss the goblin.
The goblin is heavily wounded.
You die...

#.##.##...##.#
#...#.....##.#
####.##...##.#
........###.###.#
######### #.# #.#
#.# #.#
###########.#
.......(.@g.#
###########.# #.#
#.# ### #.# ...
#g# ### #.# .#


You could see a goblin.

Vanquished Creatures
  A gnoll (D:1)
  A dart slug (D:1)
  4 orcs (D:2)
  3 ball pythons
  3 endoplasms (D:1)
  3 giant cockroaches (D:1)
  2 hobgoblins (D:2)
  3 jackals (D:1)
  3 kobolds
  3 bats (D:1)
  4 frilled lizards
  3 goblins (D:1)
  4 rats
37 creatures vanquished.

Notes
Turn   | Place    | Note
-------+----------+-------------------------------------------
     0 | D:1      | Dawnplanks the Demigod Brigand began the quest for the Orb.
     0 | D:1      | Reached XP level 1. HP: 17/17 MP: 3/3
   377 | D:1      | Reached XP level 2. HP: 20/24 MP: 4/4
   564 | D:1      | Reached skill level 1 in Long Blades
   564 | D:1      | Reached skill level 1 in Armour
   564 | D:1      | Reached skill level 1 in Dodging
   761 | D:1      | Reached XP level 3. HP: 29/29 MP: 5/5
  1686 | D:2      | Succumbed to a goblin's poison

Illustrated notes

Levels and vault maps discovered:
D:1:      matt_arrival_los_fun, layout_basic, serial_forest,
          infiniplex_forest_lined_room_, infiniplex_forest_straight_1,
          infiniplex_forest_clump_double, infiniplex_forest_join,
          infiniplex_forest_clump_curved, infiniplex_forest_clump_cross,
          infiniplex_forest_straight_3, infiniplex_forest_straight_3,
          ebering_ecumenical_altar_box, corexii_item_surrounded_by_moat,
          kennysheep_flooded_box
D:2:      layout_loops_ring

Skill      XL: |  1  2 |
---------------+-------+-----
Fighting       | 2 |  2.2
Long Blades    | 1 |  1.8
Armour         | 1 |  1.3
Dodging        | 1 |  1.1
Short Blades   | |  1.7
Throwing       | |  1.7
Stealth        | |  3.7

Action                   || total
-------------------------++-------
Melee: Dagger            ||   109
       Punch             ||     1
 Stab: Sleeping          ||     6
       Distracted        ||     1
Armor: Ring mail         ||    40
       Robe              ||     5
Dodge: Dodged            ||    44

Table legend: (Time is in decaauts)
 A = Elapsed time spent in this place.
 B = Non-inter-level travel time spent in this place.
 C = Inter-level travel time spent in this place.
 D = Time resting spent in this place.
 E = Time spent auto-exploring this place.
 F = Levels seen in this place.
 G = Mean time per level.
                   A        B        C        D        E       F      G
               +--------+--------+--------+--------+--------+-----+--------+
         Total |   1677 |   1642 |     35 |     23 |   1358 |   2 |  838.5 |
       Dungeon |   1677 |   1642 |     35 |     23 |   1358 |   2 |  838.5 |
               +--------+--------+--------+--------+--------+-----+--------+

Top non-repeatable levels by time:
     D:1: 1307 daAuts
     D:2: 369 daAuts
